[Event "*** Titled Tuesday Blitz"]
[Site "Chess.com"]
[Date "2020.04.28"]
[Round "7"]
[White "JoakimVonAnd"]
[Black "BvsN"]
[Result "1-0"]
[WhiteElo "2509"]
[BlackElo "2374"]
[TimeControl "180+1"]
[EndTime "11:18:19 PDT"]
[Termination "JoakimVonAnd won by resignation"]

1. d4 d5 2. c4 c6 3. cxd5 cxd5 4.
Nc3 Nf6 5. Bf4 Nc6 6. e3 a6 7. Nf3 Bg4 8. h3 Bxf3 9. Qxf3 e6 10. Bd3 h6 11. O-O Bd6 12. Rac1 O-O 13. Na4 Rc8 14. Nc5 Bxf4 15. Qxf4 Qe7 16. Rc3 Nb4 17.
Bb1 b6 18. Na4 Qb7 19. Rfc1 Nc6 20. Qd6 Ne8 21. Qa3 Ne7 22. Qb4 Rxc3 23. Rxc3 Nc8 24. Nc5 Qa7 25. Nxe6 fxe6 26. Rxc8 Qd7 27. Rb8 b5 28.
Bg6 Nd6 29. Rxf8+ Kxf8 30. Qc5 Ke7 31. b3 Kf6 32. Bd3 g5 33. Qb6 Kg7 34. Qxa6 b4 35. Qb6 Ne4 36. Bxe4 dxe4 37. Qxb4 Qc7 38. Qc5 Qb7 39.
b4 Qa6 40. b5 Qa5 41. b6 Qe1+ 42. Kh2 Qxf2 43. b7 g4 44. b8=Q gxh3 45. Qg3+ Qxg3+ 46. Kxg3 hxg2 47. Kxg2 1-0

[Event "*** Titled Tuesday Blitz"]
[Site "Chess.com"]
[Date "2020.04.28"]
[Round "7"]
[White "EugeneRougon"]
[Black "Msb2"]
[Result "0-1"]
[WhiteElo "2781"]
[BlackElo "3018"]
[TimeControl "180+1"]
[EndTime "11:18:20 PDT"]
[Termination "Msb2 won by resignation"]

1. e4 e6 2. d4 d5 3. Nd2 c5 4. Ngf3 cxd4 5. Nxd4 Nf6 6. e5 Nfd7 7. N2f3 Nc6 8. Bb5 Qc7 9. Nxc6 bxc6 10. Ba4 Nxe5 11. O-O Bd6 12. Nd4 Bd7 13. Bf4 O-O 14. Bg3 Rab8 15.
Rb1 Nc4 16. Bb3 Bxg3 17. hxg3 Nb6 18. c3 e5 19. Nf3 e4 20. Nd4 c5 21. Ne2 Rbd8 22.
Nf4 Bc6 23. Qh5 Qe7 24. Rbd1 g6 25. Qh6 Rd6 26. Nh3 Bd7 27. Rfe1 Bxh3 28. gxh3 Rfd8 29.
h4 Qe5 30. Qe3 Rc8 31. Qe2 Kg7 32. Qa6 Rc7 33. a4 Nc4 34. Bxc4 Rxa6 35. Bxa6 d4 36. Bd3 f5 37. f3 0-1

[Event "*** Titled Tuesday Blitz"]
[Site "Chess.com"]
[Date "2020.04.28"]
[Round "7"]
[White "dpopadic"]
[Black "ENEASZ"]
[Result "1-0"]
[WhiteElo "2362"]
[BlackElo "2548"]
[TimeControl "180+1"]
[EndTime "11:18:20 PDT"]
[Termination "dpopadic won by resignation"]

1. e4 d6 2. Nc3 c5 3. f4 Nc6 4. Nf3 g6 5. Bc4 Bg7 6. d3 e6 7. O-O Nge7 8. Qe1 O-O 9. f5 Na5 10. Qh4 Nxc4 11. f6 Nf5 12. exf5 Bxf6 13. Qxc4 gxf5 14. Bh6 Re8 15. Qf4 Kh8 16. Kh1 a6 17. a4 b6 18. Ng5 Qe7 19. Rf3 Rg8 20. Nh3 Bb7 21. Rg3 Rxg3 22. hxg3 Rg8 23. Re1 Rg4 24. Qf2 Bd4 25. Be3 Be5 26. Nf4 Qg5 27. Nce2 Qg7 28. c3 Bc6 29. a5 bxa5 30. Kg1 a4 31. d4 cxd4 32. Bxd4 Bxd4 33. cxd4 h6 34. Rc1 Bb5 35. Rc8+ Kh7 36. Qe3 Bxe2 37. Nxe2 Re4 38. Qf3 Qg5 39. Rc7 Kg7 40. Nf4 Re1+ 41. Kh2 Re4 42. d5 e5 43.
Ne6+ 1-0

[Event "*** Titled Tuesday Blitz"]
[Site "Chess.com"]
[Date "2020.04.28"]
[Round "7"]
[White "tufferguy"]
[Black "kingofkolkata"]
[Result "1-0"]
[WhiteElo "2374"]
[BlackElo "2233"]
[TimeControl "180+1"]
[EndTime "11:18:20 PDT"]
[Termination "tufferguy won by resignation"]

1. e4 e5 2. Nf3 Nc6 3. d4 exd4 4. Nxd4 Bc5 5. Nb3 Bb6 6. Nc3 Nge7 7. Bg5 d6 8. Bd3 O-O 9. O-O f6 10. Bh4 Be6 11. Kh1 d5 12. exd5 Nxd5 13. Nxd5 Qxd5 14.
c4 Qd7 15. c5 Rad8 16. cxb6 Qxd3 17. Qxd3 Rxd3 18. Nc5 Rd6 19. Bg3 Ne5 20. f4 Nd3 21. f5 Nxc5 22. Bxd6 cxd6 23. fxe6 axb6 24. Rad1 Nxe6 25.
Rxd6 Nc5 26. Rxb6 Rd8 27. b4 Ne4 28. Rxb7 Rd2 29. Re7 f5 30. b5 Rxa2 31. b6 Rb2 32. b7 Nd6 33. Rc1 h5 34. Rc8+ Kh7 35. b8=Q Rxb8 36.
Rxb8 Ne4 37. Rbb7 Kg6 38. Rxg7+ Kf6 39. Rgf7+ Ke5 40. Rfe7+ Kf4 41. Rxe4+ fxe4 42. Kg1 Ke3 43. Kf1 Kd2 44. Rd7+ Ke3 45. Ke1 h4 46. h3 Kf4 47.
Kf2 e3+ 48. Ke2 Kg3 49. Rg7+ Kh2 50. Kxe3 Kg1 51. Kf3 Kh2 52. Rg4 Kg1 53. Rxh4 Kh2 54. Re4 1-0

[Event "*** Titled Tuesday Blitz"]
[Site "Chess.com"]
[Date "2020.04.28"]
[Round "7"]
[White "m-garcett"]
[Black "Shivagami"]
[Result "1-0"]
[WhiteElo "2073"]
[BlackElo "2110"]
[TimeControl "180+1"]
[EndTime "11:18:21 PDT"]
[Termination "m-garcett won on time"]

1. e4 c5 2. Nf3 d6 3. d4 cxd4 4. Nxd4 Nf6 5. Nc3 a6 6. Bg5 e6 7. f4 h6 8. Bh4 Qb6 9. a3 Nc6 10.
Bf2 Nxd4 11. Bxd4 Qc6 12. Qf3 b5 13. O-O-O Bb7 14. Bd3 Nd7 15. Rhe1 e5 16. fxe5 dxe5 17. Be3 b4 18. axb4 Bxb4 19. Nd5 Bd6 20. Kb1 O-O 21.
Qg3 Kh7 22. Qg4 Rab8 23. Qf5+ g6 24. Qxd7 Kg7 25. Qxc6 Bxc6 26. Bxa6 Ra8 27. Bc4 Ra5 28. Nc3 Rfa8 29. Kc1 Bb4 30. Rf1 Ra1+ 31. Kd2 1-0

[Event "*** Titled Tuesday Blitz"]
[Site "Chess.com"]
[Date "2020.04.28"]
[Round "7"]
[White "DaggiGretarsson"]
[Black "SirStrateg"]
[Result "0-1"]
[WhiteElo "2443"]
[BlackElo "2601"]
[TimeControl "180+1"]
[EndTime "11:18:22 PDT"]
[Termination "SirStrateg won on time"]

1. d4 Nf6 2. c4 Nc6 3. Nf3 e6 4. g3 d5 5. Qc2 Bb4+ 6. Nbd2 dxc4 7. Qxc4 Nd5 8. Bg2 Nb6 9. Qd3 O-O 10. O-O f5 11. Nc4 Bd6 12. Bg5 Qe8 13. Rac1 h6 14. Bd2 Bd7 15. a3 a6 16. Nxd6 cxd6 17. e4 fxe4 18.
Qxe4 Nd5 19. Rfe1 Qh5 20. h3 Rae8 21. Nh2 Qf7 22. f4 Nce7 23. Nf3 Nf5 24. Kh2 Bc6 25. Qd3 Nf6 26. g4 Ne7 27. Nh4 Nfd5 28. Rf1 Qf6 29. Kg3 Bb5 30. Qe4 Bxf1 31. Bxf1 Nc6 32. Bd3 Qxd4 33. Qh7+ Kf7 34. Bg6+ Ke7 35. Nf3 Qxb2 36. Rb1 Qf6 37. Rxb7+ Kd8 38. Bxe8 Kxe8 39. Rxg7 Nxf4 40. Rb7 Ne2+ 0-1

[Event "*** Titled Tuesday Blitz"]
[Site "Chess.com"]
[Date "2020.04.28"]
[Round "7"]
[White "ChessicallyInclined"]
[Black "ljuks68"]
[Result "0-1"]
[WhiteElo "2525"]
[BlackElo "2363"]
[TimeControl "180+1"]
[EndTime "11:18:23 PDT"]
[Termination "ljuks68 won by resignation"]

1. d4 d5 2. c4 c6 3. Nf3 Nf6 4. e3 e6 5. Nc3 Nbd7 6. Bd2 Bd6 7. Bd3 dxc4 8. Bxc4 b5 9. Bd3 a6 10. O-O c5 11. Ne4 Be7 12. a4 c4 13. Bb1 Bb7 14.
Nxf6+ Nxf6 15. Ne5 O-O 16. f3 Bd6 17. Bc3 Nd5 18.
Qe1 f6 19. Ng4 b4 20. Bd2 f5 21. Ne5 Rc8 22. e4 fxe4 23. Bxe4 c3 24. bxc3 bxc3 25.
Bc1 Qb6 26. Qf2 Rfd8 27. Bg5 Bxe5 28. dxe5 Qxf2+ 29. Kxf2 Rd7 30. Rac1 Bc6 31. a5 Bb5 32. Rfe1 Nb4 33. Be3 Bd3 34. Red1 Rcc7 35. Bb6 c2 36. Rd2 Bxe4 37. Bxc7 Rxd2+ 38. Ke3 Rd1 0-1

[Event "*** Titled Tuesday Blitz"]
[Site "Chess.com"]
[Date "2020.04.28"]
[Round "7"]
[White "svilson23"]
[Black "Qvalda"]
[Result "1-0"]
[WhiteElo "2243"]
[BlackElo "2394"]
[TimeControl "180+1"]
[EndTime "11:18:23 PDT"]
[Termination "svilson23 won on time"]

1. d4 Nf6 2. Bg5 Ne4 3. Bf4 d6 4. f3 Nf6 5. e4 Nbd7 6. g4 e5 7. Be3 h6 8. Ne2 d5 9. Nbc3 dxe4 10. Nxe4 Nxe4 11. fxe4 Bd6 12. Bg2 Qh4+ 13. Bf2 Qxg4 14. Ng3 Qxd1+ 15. Rxd1 exd4 16. Nf5 Be5 17. O-O g6 18.
Nxd4 c6 19. c3 O-O 20. Nf3 Bg7 21. Rfe1 Ne5 22. Bg3 Nxf3+ 23. Bxf3 Be6 24. b3 Rfd8 25. c4 Kf8 26. Bc7 Rxd1 27. Rxd1 Ke8 28. Kf2 Rc8 29.
Bf4 Rd8 30. Bd6 Bf8 31. e5 Bxd6 32. exd6 Kd7 33. c5 f5 34. h4 g5 35. hxg5 hxg5 36.
Rh1 Rf8 37. Bh5 1-0

[Event "*** Titled Tuesday Blitz"]
[Site "Chess.com"]
[Date "2020.04.28"]
[Round "7"]
[White "barbara25"]
[Black "BillCoe"]
[Result "0-1"]
[WhiteElo "2230"]
[BlackElo "2067"]
[TimeControl "180+1"]
[EndTime "11:18:23 PDT"]
[Termination "BillCoe won by resignation"]

1. e4 c5 2. Nf3 e6 3. g3 a6 4. Bg2 g6 5. O-O Bg7 6. c3 Ne7 7.
d4 b6 8. Na3 Bb7 9. Nc4 d5 10.
exd5 exd5 11. Nce5 O-O 12. Re1 Nbc6 13. a3 Nxe5 14.
dxe5 Nc6 15. e6 fxe6 16. Rxe6 Qd7 17. Re1 Rae8 18. Bf4 Rxe1+ 19. Qxe1 Re8 20. Qd2 d4 21. cxd4 Nxd4 22. Nxd4 Bxg2 23. Kxg2 Bxd4 24. Rd1 Qd5+ 25. Kg1 Qe4 26. b4 Qe2 27. Qxe2 Rxe2 28. bxc5 Bxc5 29. Rd8+ Kf7 30. Rd7+ Ke6 31. Rxh7 Rxf2 32. Kh1 Bxa3 33. Rg7 Kf6 34. Rc7 Bc5 35. Rc6+ Kf5 36.
Bc7 Rb2 37. h3 a5 38. g4+ Ke4 39. Rxg6 a4 40. Re6+ Kd5 41. Re1 a3 42. Be5 Rb3 43.
g5 Bd4 44. Bxd4 Kxd4 45. Kg2 Rb2+ 46. Kg3 a2 47. Ra1 Rb3+ 48. Kg4 Ra3 49. g6 Kc3 50. g7 Ra8 51. Rxa2 Rxa2 52. Kg3 Ra8 53. h4 Rg8 0-1

[Event "*** Titled Tuesday Blitz"]
[Site "Chess.com"]
[Date "2020.04.28"]
[Round "7"]
[White "VitaliyBernadskiy"]
[Black "LuckSlayeer"]
[Result "1-0"]
[WhiteElo "2711"]
[BlackElo "2528"]
[TimeControl "180+1"]
[EndTime "11:18:24 PDT"]
[Termination "VitaliyBernadskiy won by resignation"]

1. Nc3 d5 2. e4 dxe4 3. Nxe4 Bf5 4. Qf3 Qd5 5. d3 Nc6 6. Ng3 Be6 7. c3 O-O-O 8. d4 Nf6 9. Be2 g5 10. h3 h5 11. Qxd5 Bxd5 12. Nf3 Bh6 13. Nf5 g4 14.
Nxh6 gxf3 15. Bxf3 Bxf3 16. gxf3 Rh7 17. Nf5 Rg8 18.
Bd2 h4 19. Ne3 e6 20. Ke2 Rhg7 21. Ng4 Nd5 22. f4 f5 23. Ne5 Nxe5 24. fxe5 Rg2 25. Kf3 b5 26. b3 c6 27. Rac1 Nb6 28. Bf4 Kd7 29. c4 a6 30. Rhd1 R2g7 31. Be3 Nc8 32. d5 cxd5 33. cxd5 exd5 34. Rxd5+ Ke6 35. Rcd1 Ne7 36.
Rd6+ Kf7 37. Rf6+ Ke8 38. Rdd6 Nc8 39. Rc6 Ne7 40. Rxa6 Nd5 41. Ra8+ Ke7 42. Ra7+ Ke8 43. Re6+ Kd8 44. Rd6+ 1-0

[Event "*** Titled Tuesday Blitz"]
[Site "Chess.com"]
[Date "2020.04.28"]
[Round "7"]
[White "Barys1974"]
[Black "TheFireChess"]
[Result "1-0"]
[WhiteElo "2636"]
[BlackElo "2436"]
[TimeControl "180+1"]
[EndTime "11:18:25 PDT"]
[Termination "Barys1974 won on time"]

1. e4 c6 2. d4 d5 3. e5 c5 4. dxc5 Nc6 5. a3 a5 6. Bb5 Nh6 7. Nf3 Bg4 8. h3 Bxf3 9. Qxf3 e6 10. Bxh6 gxh6 11. Qe3 Rg8 12. O-O Qg5 13. Qxg5 hxg5 14. c4 dxc4 15. Nd2 Bxc5 16. Nxc4 Ke7 17. Bxc6 bxc6 18.
Rfd1 g4 19. hxg4 Rxg4 20. Rac1 Rag8 21. Kf1 Rxg2 22. Rc2 a4 23. Na5 Rg1+ 24. Ke2 Rxd1 25. Kxd1 Rd8+ 26. Ke2 Rd5 27. f4 f6 28. exf6+ Kxf6 29. Nxc6 Kf5 30. Rc4 h5 31. Rxa4 h4 32. Ra8 Kxf4 33. b4 Bd6 34. Rh8 Kg3 35. Rg8+ Kf4 36. Rh8 Kg4 37. b5 Rxb5 38. Nd4 Re5+ 39. Kf1 Bxa3 40. Rg8+ 1-0

[Event "*** Titled Tuesday Blitz"]
[Site "Chess.com"]
[Date "2020.04.28"]
[Round "7"]
[White "Xeslu"]
[Black "PlayChessSimple"]
[Result "0-1"]
[WhiteElo "2365"]
[BlackElo "2515"]
[TimeControl "180+1"]
[EndTime "11:18:25 PDT"]
[Termination "PlayChessSimple won by resignation"]

1. e4 e6 2. d3 d5 3. Nd2 c5 4.
Ngf3 Nc6 5. g3 g6 6. Bg2 Bg7 7. O-O Nge7 8. c3 b6 9. Re1 O-O 10. Qc2 Ba6 11. h4 Rc8 12. h5 dxe4 13. dxe4 Bd3 14.
Qa4 b5 15. Qd1 b4 16. e5 bxc3 17. bxc3 Nf5 18. hxg6 fxg6 19. Qb3 c4 20. Nxc4 Bxc4 21. Qxc4 Ncd4 22. Qa6 Rxc3 23. Nxd4 Nxd4 24. Be3 Nc2 25. Qxe6+ Kh8 26. Rad1 Rd3 27. Rxd3 Qxd3 28. Bf1 Qc3 29. Re2 Ne1 30. Bg2 Nd3 31. Bd5 Qa1+ 32. Kg2 Ne1+ 33.
Kh3 Nd3 34. Bg5 Qf1+ 35. Bg2 Qxe2 36. Bf6 Qh5+ 37. Bh4 Nxf2+ 0-1

[Event "*** Titled Tuesday Blitz"]
[Site "Chess.com"]
[Date "2020.04.28"]
[Round "7"]
[White "MoreChessJulia"]
[Black "violetflower04"]
[Result "1-0"]
[WhiteElo "1785"]
[BlackElo "2164"]
[TimeControl "180+1"]
[EndTime "11:18:25 PDT"]
[Termination "MoreChessJulia won on time"]

1. d4 d5 2. c4 e6 3. Nc3 Nf6 4. cxd5 exd5 5. Bg5 Be7 6. e3 O-O 7. Qc2 Nbd7 8. Bd3 c5 9. Nge2 h6 10. Bf4 Re8 11. O-O Nf8 12. h3 b6 13. Kh1 Bb7 14. Bh2 Rc8 15. Bb5 N8d7 16. Rad1 a6 17. Bxd7 Qxd7 18. Bg1 cxd4 19. Nxd4 Ne4 20. Rd3 Bf6 21. Nde2 Be5 22. f3 Nxc3 23. Nxc3 Bb8 24.
Qd2 Rcd8 25. Rd1 Re5 26. Bh2 Rh5 27. Bxb8 Rxb8 28. Nxd5 Rd8 29. Nf4 Qxd3 30. Qxd3 Rxd3 31. Rxd3 Rc5 32. Rd8+ Kh7 33. Rd7 Bc6 34. Rxf7 Rc1+ 35.
Kh2 Rc2 36. Ne6 Kg6 37. Ra7 Bxf3 38. Rxg7+ Kf6 39. Rg3 Kxe6 40. Rxf3 Rxb2 41. a3 Rb3 42. e4 Rxf3 43. gxf3 Ke5 44. Kg3 a5 45. Kf2 b5 46.
Ke3 a4 47. Kd3 Kf4 48. Kc3 Kxf3 49. e5 Kg3 50. e6 Kxh3 51. e7 Kg4 52. e8=Q h5 53.
Qxb5 h4 54. Qxa4+ Kg3 55. Qd1 1-0

[Event "*** Titled Tuesday Blitz"]
[Site "Chess.com"]
[Date "2020.04.28"]
[Round "7"]
[White "obliviate12"]
[Black "donotreadit"]
[Result "0-1"]
[WhiteElo "2802"]
[BlackElo "2705"]
[TimeControl "180+1"]
[EndTime "11:18:26 PDT"]
[Termination "donotreadit won by resignation"]

1. e4 d6 2. d4 Nf6 3. Nc3 g6 4. Nf3 Bg7 5. Be3 O-O 6. Qd2 c6 7. Bh6 Qa5 8. Bxg7 Kxg7 9. O-O-O b5 10. e5 Nfd7 11. exd6 exd6 12. Kb1 Nb6 13. Qf4 Be6 14. a3 b4 15. axb4 Qxb4 16. h4 h5 17. Ng5 Nd5 18. Nxd5 Bxd5 19. Rh3 Nd7 20. g4 Rab8 21. b3 hxg4 22.
Qxg4 Nf6 23. Qf4 a5 24. h5 Nxh5 25. Rxh5 gxh5 26. Bc4 Qxc4 27. Rg1 Rxb3+ 28. cxb3 Qxb3+ 29. Kc1 Qc3+ 30. Kd1 Bb3+ 31. Ke2 Bc4+ 32. Kd1 Qa1+ 33. Kd2 Qxg1 34. Nh3 Qg4 35. Qxd6 Qe2+ 36. Kc3 Qd3+ 37.
Kb2 Qxh3 38. Kc1 Qf1+ 0-1

[Event "*** Titled Tuesday Blitz"]
[Site "Chess.com"]
[Date "2020.04.28"]
[Round "7"]
[White "lucliasco"]
[Black "NeverEverForever1990"]
[Result "1-0"]
[WhiteElo "2653"]
[BlackElo "2480"]
[TimeControl "180+1"]
[EndTime "11:18:26 PDT"]
[Termination "lucliasco won by checkmate"]

1. d4 Nf6 2. Nf3 d6 3. Bf4 g6 4. e3 Bg7 5. Be2 O-O 6. h3 Nbd7 7. O-O Re8 8. c4 b6 9. Nc3 Bb7 10. Rc1 e5 11. Bh2 e4 12. Nd2 a5 13. a3 h5 14. b4 axb4 15. axb4 Nh7 16. Nb5 Bc6 17.
c5 Bxb5 18. Bxb5 Ndf6 19. Bxe8 Qxe8 20. cxd6 cxd6 21. Bxd6 Qe6 22. Be5 Ng5 23. Re1 h4 24.
Nf1 Nd5 25. Bxg7 Kxg7 26. b5 Ra2 27. Rc6 Qf5 28. Re2 Nf3+ 29. Kh1 Ra5 30. Rec2 Rxb5 31. gxf3 exf3 32. Nh2 Nb4 33. Ng4 Nxc6 34. Rxc6 Rb1 35. Rc1 Rb2 36. d5 Qe4 37. Qd4+ Qxd4 38. exd4 f5 39. d6 Kf7 40. Re1 fxg4 41. d7 g3 42. d8=Q Rxf2 43. Qd7+ Kg8 44. Re8# 1-0

[Event "*** Titled Tuesday Blitz"]
[Site "Chess.com"]
[Date "2020.04.28"]
[Round "7"]
[White "fabianvivasz"]
[Black "djogrodek1"]
[Result "0-1"]
[WhiteElo "2398"]
[BlackElo "2556"]
[TimeControl "180+1"]
[EndTime "11:18:26 PDT"]
[Termination "djogrodek1 won on time"]

1. e4 c5 2. Nf3 Nc6 3. d4 cxd4 4. Nxd4 Nf6 5. Nc3 e6 6. Ndb5 Bb4 7. a3 Bxc3+ 8. Nxc3 d5 9. exd5 exd5 10. Bg5 O-O 11. Be2 h6 12. Bxf6 Qxf6 13. Qxd5 Rd8 14. Qf3 Nd4 15. Qxf6 Nxc2+ 16. Kf1 gxf6 17. Rd1 Be6 18.
g4 Nd4 19. f3 Bb3 20. Rd2 Ne6 21. Rxd8+ Rxd8 22. Ne4 Kg7 23. Kf2 Rc8 24. Bd1 Rc1 25. Nc3 Bxd1 26. Nxd1 Nc5 27. Rf1 Na4 28. b3 Nc5 29. b4 Rc2+ 30. Kg3 Ne6 31. Ne3 Rc3 32. Nf5+ Kg6 33. h4 Rxa3 34. Rd1 Rb3 35. Rd7 h5 0-1

[Event "*** Titled Tuesday Blitz"]
[Site "Chess.com"]
[Date "2020.04.28"]
[Round "7"]
[White "ama18"]
[Black "BronceYSueno"]
[Result "1-0"]
[WhiteElo "2470"]
[BlackElo "2268"]
[TimeControl "180+1"]
[EndTime "11:18:27 PDT"]
[Termination "ama18 won by resignation"]

1. e4 c5 2. Nf3 e6 3. d4 cxd4 4. Nxd4 a6 5. c4 Qc7 6. Nc3 Bb4 7. Nc2 Bxc3+ 8. bxc3 b6 9. Be2 Bb7 10. f3 Nf6 11.
Ba3 Nc6 12. Bd6 Qc8 13. Rb1 Qd8 14. O-O Ne7 15. e5 Nfg8 16. Qd4 Nh6 17. Rxb6 Nhf5 18. Qc5 Bc6 19. Rfb1 Nxd6 20. exd6 Ng6 21. Nd4 O-O 22. Nxc6 dxc6 23. Qxc6 Rc8 24. Qe4 Qf6 25. Qe3 Rfd8 26.
c5 Nf4 27. Bxa6 Qg5 28. Kf1 Rxc5 29. g3 Qh5 30. Qxf4 Qxh2 31. Rb8 Qh1+ 32. Ke2 Qg2+ 33. Ke1 g5 34. Rxd8+ Kg7 35. Qd4+ Kg6 36. Qxc5 1-0

[Event "*** Titled Tuesday Blitz"]
[Site "Chess.com"]
[Date "2020.04.28"]
[Round "7"]
[White "indfraeng"]
[Black "Juanovic"]
[Result "0-1"]
[WhiteElo "2258"]
[BlackElo "2165"]
[TimeControl "180+1"]
[EndTime "11:18:27 PDT"]
[Termination "Juanovic won by checkmate"]

1. d4 d5 2. c4 c6 3. cxd5 cxd5 4. Bf4 Nc6 5. e3 g6 6. Nc3 a6 7. Qb3 e6 8. Nf3 Bg7 9. Na4 b5 10. Nc5 Qa5+ 11. Nd2 Nge7 12. Be2 Qb4 13. a3 Qxb3 14.
Ndxb3 O-O 15. O-O e5 16. dxe5 Nxe5 17. Rfd1 Nc4 18. Bf3 Bxb2 19. Ra2 Be6 20. Nd4 Bxd4 21. Rxd4 Rac8 22. Nxa6 Nc6 23. Rd1 Ra8 24. Nc7 Rxa3 25. Rxa3 Nxa3 26. Nxd5 Bxd5 27. Rxd5 Nb4 28. Rd1 Nbc2 29.
h4 h5 30. Rd5 b4 31. Bd6 Rc8 32. Rd3 Rc3 33. Rxc3 bxc3 34. Be5 Nb5 35. Be2 Nca3 36. Kf1 Kf8 37. Ke1 Ke7 38. Kd1 Ke6 39. Bh8 f6 40.
Kc1 Kf7 41. g4 hxg4 42. Bxg4 Nd6 43. h5 Ne4 44. f3 Nf2 45. hxg6+ Kxg6 46. Bxf6 Kxf6 47.
Bf5 Kxf5 48. e4+ Kf4 49. e5 Nd3+ 50. Kd1 c2+ 51. Ke2 c1=Q 52. Kxd3 Qc4+ 53. Kd2 Qc2+ 54. Ke1 Ke3 55. e6 Qc1# 0-1

[Event "*** Titled Tuesday Blitz"]
[Site "Chess.com"]
[Date "2020.04.28"]
[Round "7"]
[White "canary2016"]
[Black "Dr_Thomas_Quilter"]
[Result "0-1"]
[WhiteElo "1879"]
[BlackElo "2221"]
[TimeControl "180+1"]
[EndTime "11:18:27 PDT"]
[Termination "Dr_Thomas_Quilter won by resignation"]

1. Nf3 g5 2. Nxg5 e5 3. Nf3 e4 4. Nd4 Bg7 5. Nb3 d5 6. d4 exd3 7. Qxd3 Ne7 8. g3 Nbc6 9. Bg2 Bf5 10. Qd1 O-O 11. O-O a5 12. a4 Nb4 13. Na3 c6 14. c3 Na6 15. Nd4 Bg6 16. Bf4 Nc5 17. Nac2 Ne6 18. Bd2 c5 19. Nxe6 fxe6 20. Bf4 e5 21.
Bg5 d4 22. cxd4 exd4 23. Bxb7 Rb8 24. Bxe7 Qxe7 25. Bd5+ Kh8 26. Rb1 Rfe8 27. e3 Qd6 28. e4 Bxe4 29. Bxe4 Rxe4 30. Ne3 d3 31. Nf5 Qd5 32. Nxg7 Kxg7 33. Qd2 c4 34. Qc3+ Qe5 35. Qa3 Qe7 36. Qc3+ Qe5 37. Qa3 Rb3 38. Qa2 Re2 39. Rbc1 Qd4 40. Qb1 Rexb2 41. Qa1 c3 42. Rfe1 Qxf2+ 0-1

[Event "*** Titled Tuesday Blitz"]
[Site "Chess.com"]
[Date "2020.04.28"]
[Round "7"]
[White "Koksik_13"]
[Black "GM_Levan_Pantsulaia"]
[Result "0-1"]
[WhiteElo "2714"]
[BlackElo "2827"]
[TimeControl "180+1"]
[EndTime "11:18:28 PDT"]
[Termination "GM_Levan_Pantsulaia won on time"]

1. e4 c5 2. Nf3 e6 3. c3 Nf6 4. e5 Nd5 5. d4 cxd4 6. cxd4 b6 7.
Bc4 Ba6 8. b3 Qc8 9. Nbd2 Be7 10. Bb2 Nf4 11. O-O b5 12. Be2 O-O 13. Rc1 Qb7 14.
g3 Nxe2+ 15. Qxe2 Qd5 16. Rfd1 Bb7 17. Rc3 f6 18. Re3 f5 19. Nb1 b4 20. Nbd2 Rc8 21.
Nc4 g5 22. Nd6 Bxd6 23. exd6 g4 24. Qd2 f4 25. gxf4 Rf8 26. Re5 Qxf3 27. d5 Bxd5 28. Rg5+ Kf7 29. Rg7+ Ke8 30. Re7+ Kd8 31. Kf1 Qh1+ 32.
Ke2 Bf3+ 33. Ke3 Qxd1 34. Qxb4 Qe2+ 35. Kd4 Nc6+ 36. Kc5 Nxb4 37. Kxb4 Qxb2 0-1

[Event "*** Titled Tuesday Blitz"]
[Site "Chess.com"]
[Date "2020.04.28"]
[Round "7"]
[White "ElHelvetico"]
[Black "aakankshachess"]
[Result "0-1"]
[WhiteElo "2631"]
[BlackElo "2491"]
[TimeControl "180+1"]
[EndTime "11:18:28 PDT"]
[Termination "aakankshachess won on time"]

1. e4 e5 2. f4 d5 3. exd5 e4 4. Nc3 Nf6 5. Bc4 Bb4 6. Nge2 O-O 7. O-O Bc5+ 8. Kh1 Ng4 9. Nxe4 Bb6 10. d4 Re8 11.
Ng5 h6 12. Nf3 Ne3 13. Bxe3 Rxe3 14. Qd2 Re8 15. Ne5 Nd7 16. d6 Nxe5 17. fxe5 Be6 18. Bxe6 Rxe6 19. Nf4 Re8 20. dxc7 Qxc7 21. c3 Rad8 22.
Qe2 Qe7 23. Rae1 Qg5 24. Qf3 Rd7 25. Nh3 Qd8 26. Re4 Rde7 27. Rg4 Kh7 28. Nf4 Rg8 29. Nh5 Rc7 30. h3 Qe7 31. Qe4+ Kh8 32. d5 Rcc8 33.
d6 Qe6 34. Nf4 Qxa2 35. Nd5 Rce8 36. Ne7 Rgf8 37. Rg3 Qe6 38. Rgf3 Bd8 39. Ng6+ Kg8 40. Nxf8 Rxf8 41. Qxb7 Qxe5 42. Rxf7 Re8 43. Qd7 Bf6 44.
R7xf6 gxf6 45. Qc7 Qe6 46. d7 Qe7 0-1

[Event "*** Titled Tuesday Blitz"]
[Site "Chess.com"]
[Date "2020.04.28"]
[Round "7"]
[White "RaphaeI"]
[Black "Pomegranate988"]
[Result "0-1"]
[WhiteElo "2624"]
[BlackElo "2483"]
[TimeControl "180+1"]
[EndTime "11:18:28 PDT"]
[Termination "Pomegranate988 won on time"]

1. Nf3 g6 2. d4 Bg7 3. c4 Nf6 4. Nc3 d5 5. cxd5 Nxd5 6. e4 Nxc3 7. bxc3 c5 8. Be3 O-O 9. Qd2 b6 10. Bd3 Nc6 11. d5 Na5 12. Rd1 Bg4 13. c4 e5 14. h3 Bxf3 15. gxf3 f5 16. exf5 gxf5 17.
Bg5 Qe8 18. Rg1 Kh8 19. Bh6 Bxh6 20. Qxh6 Qe7 21. Rg6 Rae8 22. Kf1 Nb7 23. Re1 Nd8 24. Rg5 Rf6 25. Qh5 Ref8 26. Rxf5 Rxf5 27. Bxf5 Qf7 28.
Qxf7 Nxf7 29. Be6 Nd6 30. Rxe5 Nxc4 31. Re4 Nd6 32. Re3 c4 33. Bd7 Rd8 34. Bc6 b5 35. a3 a5 36. Ke2 b4 37. Kd2 c3+ 38. Kc2 Nc4 0-1

[Event "*** Titled Tuesday Blitz"]
[Site "Chess.com"]
[Date "2020.04.28"]
[Round "7"]
[White "MFBerna"]
[Black "bakki78"]
[Result "0-1"]
[WhiteElo "2443"]
[BlackElo "2720"]
[TimeControl "180+1"]
[EndTime "11:18:28 PDT"]
[Termination "bakki78 won on time"]

1. d4 Nf6 2. Nf3 g6 3. g3 Bg7 4. Bg2 O-O 5. O-O c6 6. c4 d6 7.
Nc3 Bf5 8. Re1 Ne4 9. Nxe4 Bxe4 10. e3 Nd7 11. b3 b5 12. Nd2 Bxg2 13. Kxg2 bxc4 14.
Nxc4 d5 15. Nb2 c5 16. Na4 cxd4 17. exd4 e6 18. Ba3 Re8 19. Rc1 Nb6 20. Nc5 Qf6 21. Bb2 Rec8 22. a4 Qd8 23. Qd2 Nd7 24. b4 Nb6 25. Qf4 Nc4 26. Ba1 a6 27. Bc3 Qe8 28.
Rb1 Rcb8 29. Re2 Bf8 30. Rbe1 Rb6 31. h4 h5 32. Qg5 Qe7 33. Qf4 Rc8 34. Nd3 Kh7 35.
Ba1 Nd6 36. Ne5 Nf5 37. b5 axb5 38. a5 Ra6 39. Nf3 Bh6 40. Ng5+ Bxg5 41. hxg5 Rxa5 42. Rb1 b4 43. Bb2 Ra2 44. Qf3 Qa7 45. Bc1 Rxe2 46. Qxe2 Qxd4 47. Bb2 Qc4 48. Qe5 d4 49. Qf6 Kg8 50. Rc1 Qd5+ 51. Kh3 Rxc1 0-1

[Event "*** Titled Tuesday Blitz"]
[Site "Chess.com"]
[Date "2020.04.28"]
[Round "7"]
[White "DDTerziev04"]
[Black "Volovier"]
[Result "0-1"]
[WhiteElo "2345"]
[BlackElo "2627"]
[TimeControl "180+1"]
[EndTime "11:18:30 PDT"]
[Termination "Volovier won on time"]

1. e4 c5 2. Nf3 d6 3. d4 cxd4 4. Qxd4 Nc6 5. Qe3 g6 6. c4 Bg7 7. Be2 Nf6 8. O-O O-O 9. h3 h6 10. Rd1 Qc7 11. Nc3 a6 12. Rb1 b6 13. b3 Bb7 14. Bb2 Rfd8 15. Rd2 Ne5 16. Rbd1 Nxf3+ 17. Bxf3 Nd7 18. Be2 Ne5 19. f4 Nd7 20. Nd5 Bxd5 21. exd5 Bxb2 22. Rxb2 Qc5 23. Qxc5 Nxc5 24. Bf1 Kg7 25.
Re1 Kf6 26. g4 a5 27. a4 Re8 28. Bg2 e5 29. dxe6 Rab8 30. Rd1 Kxe6 31. Bc6 Red8 32.
Bd5+ Kf6 33. Kf2 Ne6 34. Bxe6 fxe6 35. Rbd2 d5 36. cxd5 b5 37. axb5 Rxb5 38. d6 Rxb3 39. Kg2 a4 40. Rd4 a3 41. Ra4 Rb2+ 42. Kg3 Rb3+ 43.
Kg2 g5 44. fxg5+ hxg5 45. d7 Rb2+ 46. Kg3 a2 47. Rd3 Re2 48. Rf3+ Ke7 49. Rd3 Rxd7 50. Rxd7+ Kxd7 51. Kf3 Rc2 52. Ke3 Kc6 53. Kd3 Rh2 54. Kc4 e5 55. Ra6+ Kb7 56. Ra3 e4 57. Kd4 e3 0-1

[Event "*** Titled Tuesday Blitz"]
[Site "Chess.com"]
[Date "2020.04.28"]
[Round "7"]
[White "Gromes7"]
[Black "Embrujada"]
[Result "0-1"]
[WhiteElo "2144"]
[BlackElo "2458"]
[TimeControl "180+1"]
[EndTime "11:18:30 PDT"]
[Termination "Embrujada won by checkmate"]

1. e4 c5 2. Nf3 e6 3. d4 cxd4 4. Nxd4 a6 5. a3 Nf6 6. Bd3 b5 7. O-O Bb7 8. Re1 Bc5 9. Nb3 Bb6 10. Nc3 d6 11. Be3 Nbd7 12. Qd2 Ne5 13. h3 Nc4 14.
Bxc4 bxc4 15. Bxb6 Qxb6 16. Qd4 Qc7 17. Nd2 Rc8 18. Rad1 O-O 19. Nf3 Rfd8 20. Rd2 d5 21. exd5 Nxd5 22. Nxd5 Bxd5 23. Qc3 Bxf3 24. Rxd8+ Rxd8 25. Qxf3 h6 26. Rd1 Rb8 27. Qc3 Rb5 28. Rd4 Rc5 29.
Qd2 Rb5 30. c3 Rb8 31. Rd7 Qb6 32. Qf4 Rf8 33. Qxc4 Qxb2 34. Qxa6 Qc1+ 35. Kh2 Qxc3 36.
Qa7 Qe5+ 37. Kg1 Qf4 38. a4 Rc8 39. g3 Rc1+ 40. Kg2 Qe4+ 41. f3 Rc2+ 42. Kh1 Qxf3+ 43. Kg1 Qg2# 0-1